[Event "*** Titled Tuesday 3|2 Blitz"]
[Site "Chess.com"]
[Date "2014.12.30"]
[Round "4"]
[White "vinceyoung15"]
[Black "162a54f5d"]
[Result "0-1"]
[WhiteElo "1984"]
[BlackElo "2321"]
[TimeControl "180+2"]
[EndTime "11:48:52 PST"]
[Termination "162a54f5d won by resignation"]

1. e4 e5 2. Nf3 Nc6 3. Bb5 a6 4. Ba4 Nf6 5. d3 d6 6. c3 Be7 7. Nbd2 O-O 8. Nf1 b5 9. Bb3 d5 10. Qe2 Be6 11. Ng3 a5 12. O-O a4 13. Bc2 d4 14. Nh4 a3 15. Nhf5 axb2 16. Bxb2 Ba3 17.
Bb3 dxc3 18. Bxc3 g6 19. Bxe6 fxe6 20. Nh6+ Kg7 21. Ng4 Nd4 22. Bxd4 Qxd4 23. Rab1 c6 24. Kh1 Ra7 25. Ne3 Qd6 26. Nc2 Bc5 27. f4 Rxa2 28.
fxe5 Qxe5 29. Qd1 Rd8 30. Nb4 Bxb4 31. Rxb4 Ra7 32. d4 Qd6 33. Qb1 e5 34. d5 cxd5 35.
Rxb5 d4 36. Rb6 Qe7 37. Rbxf6 d3 38. Rf7+ Qxf7 39. Rxf7+ Rxf7 40. Qd1 d2 41. Nf1 Rxf1+ 42. Qxf1 d1=Q 43. Kg1 Qxf1+ 44. Kxf1 Rd4 45. Ke2 Rxe4+ 0-1

[Event "*** Titled Tuesday 3|2 Blitz"]
[Site "Chess.com"]
[Date "2014.12.30"]
[Round "4"]
[White "RitvarsReimanis"]
[Black "davopetr"]
[Result "0-1"]
[WhiteElo "2302"]
[BlackElo "2569"]
[TimeControl "180+2"]
[EndTime "11:48:59 PST"]
[Termination "davopetr won by resignation"]

1. d4 Nf6 2. c4 g6 3. Nc3 Bg7 4.
e4 O-O 5. Nf3 d6 6. h3 e5 7. d5 Nh5 8. Be2 Nf4 9. g3 Nxe2 10.
Qxe2 f5 11. h4 fxe4 12. Ng5 h6 13. Ngxe4 Nd7 14. Be3 Nf6 15. Nxf6+ Qxf6 16. O-O-O a6 17. Qd2 Kh7 18. Ne4 Qf3 19. Nc3 b5 20. c5 b4 21. Na4 a5 22. Kb1 Bf5+ 23. Ka1 Rfb8 24. Rhe1 b3 25. a3 Bc2 26. Rc1 Qe4 27. Nc3 Qd3 28.
Qxd3 Bxd3 29. Rcd1 Bc2 30. Rd2 Rb4 31. Rc1 e4 32.
Rcxc2 bxc2 33. Rxc2 Rc4 34. Kb1 Rb8 35. Kc1 dxc5 36. Kd2 Rxb2 37. Rxb2 Bxc3+ 38. Kc2 Bxb2+ 39. Kxb2 a4 40. g4 h5 41. g5 Kg8 42. Bf4 Rd4 43. Bxc7 Rxd5 44. Kc3 Rd3+ 45. Kc4 Rxa3 46. Kxc5 Rf3 47. Kb4 a3 48. Be5 a2 0-1

[Event "*** Titled Tuesday 3|2 Blitz"]
[Site "Chess.com"]
[Date "2014.12.30"]
[Round "4"]
[White "UnPolarizing"]
[Black "Yaacovn"]
[Result "1-0"]
[WhiteElo "2242"]
[BlackElo "2591"]
[TimeControl "180+2"]
[EndTime "11:49:08 PST"]
[Termination "UnPolarizing won by resignation"]

1. e4 c6 2. d4 d5 3. e5 Bf5 4. g4 Bd7 5. c4 e6 6. Nc3 Ne7 7. Nf3 h5 8. gxh5 Rxh5 9. Ng5 Rh4 10. Bd3 g6 11. Qf3 Nf5 12. Rg1 Na6 13. a3 Rxd4 14.
Bc2 Qc7 15. Bxf5 exf5 16. cxd5 Qxe5+ 17. Be3 Nc5 18. Kf1 Rg4 19. Rxg4 f6 20. Rh4 fxg5 21. Bxg5 Kf7 22. Re1 Qg7 23. Qe3 Re8 24. Qg3 Rxe1+ 25.
Kxe1 cxd5 26. Bh6 Qf6 27. Bxf8 Kxf8 28. Qb8+ Kf7 29. Rh3 Ne4 30. Nxe4 fxe4 31. Rh7+ Ke6 32. Qg8+ Kd6 33. Qg7 Qe6 34. Rh8 Bc6 35. Rd8+ Kc5 36. Qc3+ Kb6 37. Rf8 Kc7 38. Rf6 Qg4 39. Qe5+ Kb6 40.
Qg3 Qd7 41. Qe3+ d4 42. Qxe4 a6 43. Qe5 d3 44. Qd6 Qe8+ 45. Re6 Qf7 46. Qd4+ Kc7 47. Qd6+ Kb6 48. Qd4+ Kc7 49. Qe5+ Kb6 50. Qe3+ Ka5 51. Re5+ Ka4 52. Qxd3 1-0

[Event "*** Titled Tuesday 3|2 Blitz"]
[Site "Chess.com"]
[Date "2014.12.30"]
[Round "4"]
[White "zmaj23"]
[Black "crisfoisor"]
[Result "0-1"]
[WhiteElo "2101"]
[BlackElo "2129"]
[TimeControl "180+2"]
[EndTime "11:49:15 PST"]
[Termination "crisfoisor won by resignation"]

1. e4 g6 2. d4 Bg7 3. Nc3 d6 4. Be3 a6 5. a4 b6 6. Bc4 Bb7 7. Nge2 e6 8. f3 Nd7 9. Qd2 h6 10. O-O Ne7 11. f4 d5 12. exd5 exd5 13. Bd3 Nf6 14.
f5 g5 15. Rae1 Qd6 16. Bf2 O-O 17. Bg3 Qd7 18. Be5 Rae8 19. Ng3 Nc8 20. Bxf6 Bxf6 21.
Nh5 Qd6 22. Rxe8 Rxe8 23. Ne2 c5 24. dxc5 bxc5 25. Nxf6+ Qxf6 26. Ng3 Qd4+ 27. Kh1 c4 28. Qb4 Qb6 29. Qxb6 Nxb6 30. Be2 Nxa4 31. b3 Nc3 32. Bh5 cxb3 33. cxb3 d4 34. f6 d3 35. Nf5 d2 36. Ne7+ Kf8 37. h4 Be4 38. hxg5 hxg5 39. Bd1 Bd3 40. Rg1 Ne2 41. g4 Nxg1 42. Kxg1 Be4 43. Kf2 Rd8 44. Ke3 Bh7 45. Nc6 Rd6 46.
Ne5 Ke8 47. Nc4 Rxf6 48. Kxd2 Rf4 49. Kc3 Kd7 50. Kb4 Bd3 51. Kc5 Bxc4 52. bxc4 Kc7 53. Kd5 a5 54. Kc5 a4 55. Bxa4 Rxg4 56. Be8 Rf4 57. Kd5 g4 58. Ke5 Rf2 59. Ke4 g3 60. Ke3 Rf6 0-1

[Event "*** Titled Tuesday 3|2 Blitz"]
[Site "Chess.com"]
[Date "2014.12.30"]
[Round "4"]
[White "chessmachined"]
[Black "Irochka83"]
[Result "0-1"]
[WhiteElo "2136"]
[BlackElo "2283"]
[TimeControl "180+2"]
[EndTime "11:49:16 PST"]
[Termination "Irochka83 won by resignation"]

1. d4 Nf6 2. Nf3 g6 3. c4 Bg7 4. Nc3 O-O 5. e4 d6 6. Bd3 e5 7. O-O Nc6 8. d5 Ne7 9. Kh1 Nd7 10. Ng1 f5 11. exf5 gxf5 12. f4 exf4 13. Bxf4 Ng6 14.
Nge2 Nde5 15. Ng3 Nxf4 16. Rxf4 Nxd3 17. Qxd3 Be5 18. Rf3 f4 19. Nge2 Bg4 20. Nd4 Bxd4 21. Qxd4 Bxf3 22. gxf3 Qf6 23. Qd2 Kh8 24. Ne4 Qe5 25. Rc1 b6 26. h4 h6 27. b3 Rg8 28.
Qh2 Rg7 29. Rg1 Rxg1+ 30. Qxg1 Rg8 31. Qc1 Qd4 32. Kh2 Qe3 33. Qb2+ Rg7 34. Qf2 Qxf2+ 35. Nxf2 Rg3 36. Ng4 Rxf3 37. Nxh6 Rf2+ 38. Kh3 Rxa2 39. Kg4 Rb2 40. Kxf4 Rxb3 41. h5 Rb4 42. Kg5 Rxc4 43. Kg6 Rc1 44. Nf7+ Kg8 45. h6 Rg1+ 46. Ng5 a5 47.
Kf6 Rxg5 48. Kxg5 a4 49. Kf6 a3 50. Ke7 a2 51. Kd7 a1=Q 52. Kxc7 Qa3 53. Kc6 Qc5+ 0-1

[Event "*** Titled Tuesday 3|2 Blitz"]
[Site "Chess.com"]
[Date "2014.12.30"]
[Round "4"]
[White "AUSSIE_PINOY"]
[Black "MartinZumsande"]
[Result "0-1"]
[WhiteElo "2275"]
[BlackElo "2282"]
[TimeControl "180+2"]
[EndTime "11:49:30 PST"]
[Termination "MartinZumsande won on time"]

1. d4 d5 2. Nf3 Nf6 3. c4 c6 4. Nc3 a6 5. c5 Bf5 6. Nh4 Bg6 7. Nxg6 hxg6 8. g3 Nbd7 9. Bg2 e5 10.
e3 Be7 11. O-O e4 12. b4 Kf8 13. a4 Ne8 14. Bd2 Nc7 15. b5 Bf6 16. Qb3 Qc8 17. Rfb1 g5 18. h3 Rb8 19. Qb4 g6 20. bxc6 bxc6 21.
Qa5 Bd8 22. Rxb8 Qxb8 23. Rb1 Qa7 24. Qb4 Ke7 25. Bf1 Nf6 26. Kg2 Kd7 27. Qb6 Qa8 28.
Qb4 Be7 29. Qb6 Rc8 30. Na2 Bd8 31. Qb7 Qxb7 32. Rxb7 Ra8 33. Ba5 Kc8 34. Rb6 Kd7 35.
Nb4 Ne6 36. Rb7+ Kc8 37. Bxd8 Nxd8 38. Re7 a5 39. Nc2 Nd7 40. Re8 Kc7 41. Na3 Rb8 42.
Nb5+ cxb5 43. axb5 a4 44. Re7 a3 45. c6 Nxc6 46.
bxc6 Kxc6 47. Rxf7 a2 48. Rg7 a1=Q 49. Rxg6+ Kc7 0-1

[Event "*** Titled Tuesday 3|2 Blitz"]
[Site "Chess.com"]
[Date "2014.12.30"]
[Round "4"]
[White "ItalianMachine"]
[Black "Dr-Bassem"]
[Result "0-1"]
[WhiteElo "2162"]
[BlackElo "2358"]
[TimeControl "180+2"]
[EndTime "11:49:39 PST"]
[Termination "Dr-Bassem won by resignation"]

1. e4 e5 2. Nf3 Nc6 3. Bb5 a6 4.
Ba4 Nf6 5. O-O Nxe4 6. d4 b5 7.
Bb3 d5 8. dxe5 Be6 9. c3 Be7 10. Re1 O-O 11. h3 Qd7 12. Nbd2 Nc5 13. Bc2 d4 14.
cxd4 Nxd4 15. Nxd4 Qxd4 16. Nf3 Qxd1 17. Rxd1 Rad8 18.
Be3 Bd5 19. Nd4 Rfe8 20. b3 Ne6 21. Nxe6 fxe6 22. Bd3 Ba3 23. f4 c5 24. Rab1 Rd7 25.
Bc1 Bb4 26. a3 Bc3 27. Be3 Red8 28. Bf1 Be4 29. Rxd7 Rxd7 30. Rc1 Bb2 31. Rxc5 Bxa3 32. Rc8+ Kf7 33. Kf2 Bd5 34. Rc3 Bb4 35. Rd3 Rc7 36. Be2 Rc2 37. g3 a5 38. Rd1 Bxb3 39.
Rd7+ Ke8 40. Rxg7 Bc4 41. Kf3 Bxe2+ 42. Ke4 Rc4+ 43. Bd4 Bc5 44. Ke3 Bxd4+ 45. Kxe2 a4 46. Rxh7 a3 47. Rh8+ Kd7 48. Ra8 Ra4 0-1

[Event "*** Titled Tuesday 3|2 Blitz"]
[Site "Chess.com"]
[Date "2014.12.30"]
[Round "4"]
[White "Kacparov"]
[Black "GM_Barcenilla"]
[Result "1/2-1/2"]
[WhiteElo "2311"]
[BlackElo "2540"]
[TimeControl "180+2"]
[EndTime "11:49:59 PST"]
[Termination "Game drawn by repetition"]

1. c4 g6 2. Nc3 Bg7 3. d4 d6 4.
Nf3 Nf6 5. e4 O-O 6. Be2 e5 7.
O-O Nc6 8. d5 Ne7 9. b4 c6 10.
a4 a5 11. bxa5 c5 12. Bd2 Rxa5 13. Qc2 Ne8 14. Nb5 Ra6 15. a5 f5 16. Ng5 Nf6 17. Rfd1 h6 18. Ne6 Bxe6 19. dxe6 fxe4 20. Be3 Qb8 21.
Qd2 Nf5 22. h3 g5 23. Bg4 Nd4 24. Rab1 Nxg4 25. hxg4 Qc8 26. e7 Re8 27. Bxd4 exd4 28. Re1 Rxe7 29. f3 e3 30. Qd3 Qe6 31. Ra1 d5 32. Rec1 e2 33. cxd5 Qxd5 34. Re1 c4 35. Qa3 Re3 36. Qb4 Rb3 37. Qe7 Rxb5 38. Rxe2 d3 39.
Qe8+ Kh7 40. Re7 Qd4+ 41. Kh2 Qxa1 42. Qxb5 d2 43. Qf5+ Rg6 44. Re6 Qe5+ 45. Rxe5 Bxe5+ 46. Qxe5 d1=Q 47. Qe7+ Kh8 48. Qe8+ Kg7 49. Qe7+ Kg8 50.
Qe8+ Kh7 51. Qe7+ Rg7 52. Qe4+ Kh8 53. Qe8+ Rg8 54. Qe5+ Kh7 55. Qe7+ Kg6 56. Qe6+ Kg7 57. Qe7+ Kh8 58. Qe5+ Rg7 59. Qe8+ Kh7 60. Qe4+ Rg6 61. Qe7+ Kg8 62. Qe8+ Kg7 63. Qe7+ Kh8 64. Qe8+ Rg8 65.
Qe5+ Kh7 66. Qe7+ Kg6 67. Qe6+ Kg7 68. Qe7+ Kh8 69. Qe5+ Rg7 70. Qe8+ 1/2-1/2

[Event "*** Titled Tuesday 3|2 Blitz"]
[Site "Chess.com"]
[Date "2014.12.30"]
[Round "4"]
[White "jasrom"]
[Black "liczner"]
[Result "1-0"]
[WhiteElo "2219"]
[BlackElo "2373"]
[TimeControl "180+2"]
[EndTime "11:50:00 PST"]
[Termination "jasrom won on time"]

1. e4 c6 2. d4 d5 3. Nd2 dxe4 4.
Nxe4 Nd7 5. Bd3 Ngf6 6. Ng5 e6 7. N1f3 Bd6 8. Qe2 h6 9. Ne4 Nxe4 10. Qxe4 Nf6 11.
Qe2 b6 12. Bd2 Bb7 13. O-O-O Qc7 14. Kb1 O-O-O 15. Rhe1 Kb8 16. c4 c5 17. Bc3 Ka8 18.
h3 Rb8 19. dxc5 bxc5 20. g4 Rhd8 21. Ne5 Ng8 22. h4 f6 23. Ng6 e5 24. g5 hxg5 25. hxg5 Ne7 26. Nxe7 Bxe7 27. gxf6 gxf6 28. f4 Bd6 29. fxe5 fxe5 30. Be4 Re8 31. Qf3 Rbd8 32. Bd5 Bxd5 33. Rxd5 Qb7 34. Qe4 Bb8 35. Red1 Rxd5 36. Rxd5 Qc6 37. b3 a6 38. Kb2 Rg8 39. Qe3 Rc8 40. Qe4 1-0

[Event "*** Titled Tuesday 3|2 Blitz"]
[Site "Chess.com"]
[Date "2014.12.30"]
[Round "4"]
[White "swayamsm"]
[Black "GedoGluperd"]
[Result "1-0"]
[WhiteElo "2332"]
[BlackElo "2307"]
[TimeControl "180+2"]
[EndTime "11:50:05 PST"]
[Termination "swayamsm won by resignation"]

1. d4 g6 2. c4 Bg7 3. e4 d6 4.
Be2 e5 5. Nf3 Bg4 6. Be3 Nc6 7.
d5 Bxf3 8. Bxf3 Nd4 9. O-O Ne7 10. g3 c5 11. Bg2 f5 12. Nc3 O-O 13. f4 a6 14. fxe5 Bxe5 15. Bf4 Bxf4 16. Rxf4 g5 17. Rf2 f4 18. gxf4 Rxf4 19. Rxf4 gxf4 20. Qg4+ Ng6 21. Rf1 Qe7 22. Rxf4 b5 23. h4 Kh8 24. Rf2 b4 25.
Nd1 Qxh4 26. Qxh4 Nxh4 27. Ne3 Kg7 28. Kh2 Rf8 29. Rxf8 Kxf8 30. Kg3 Ng6 31. Bh3 Ke7 32. Bf5 Kf6 33. Ng4+ Kg5 34. Bxg6 hxg6 35. e5 Nf5+ 36. Kf3 Nd4+ 37. Ke4 Kxg4 38. exd6 Nf5 39. d7 Nd6+ 40. Ke5 Nb7 41. d6 Kh5 42. Kd5 g5 43. Kc6 Nd8+ 44. Kc7 Ne6+ 45. Kc8 g4 46. d8=Q Nxd8 47. Kxd8 g3 48.
d7 g2 49. Kc7 g1=Q 50. d8=Q Qd4 51. Qe8+ Kg5 52. b3 Kf4 53. Kc6 Qb2 54. Qf7+ Ke3 55.
Qe6+ Kd3 56. Qh3+ Ke4 57. Qg4+ Kd3 58. Qf3+ Kc2 59. Qe2+ Kb1 60. Qxb2+ Kxb2 61. Kxc5 Ka3 62. Kb6 Kxa2 63. c5 Kxb3 64. c6 Ka2 65. c7 b3 66.
c8=Q b2 67. Qc4+ Ka1 68. Qa4+ Kb1 69. Kxa6 Kc1 70. Qc4+ 1-0

[Event "*** Titled Tuesday 3|2 Blitz"]
[Site "Chess.com"]
[Date "2014.12.30"]
[Round "4"]
[White "WanderingPuppet"]
[Black "oggy1984"]
[Result "1-0"]
[WhiteElo "2058"]
[BlackElo "2138"]
[TimeControl "180+2"]
[EndTime "11:50:05 PST"]
[Termination "WanderingPuppet won on time"]

1. Nc3 c5 2. e4 e6 3. Nf3 a6 4. d4 cxd4 5. Nxd4 Qc7 6. Bd3 b5 7.
Qf3 Bb7 8. Qg3 Qxg3 9. hxg3 Nc6 10. Nxc6 Bxc6 11. a4 b4 12. Ne2 Bc5 13. Bf4 Ne7 14. Be5 f6 15. Bd4 d6 16. b3 Kf7 17. O-O-O h6 18.
Rh5 Bxd4 19. Nxd4 Bd7 20. Bc4 Rhc8 21. Nf5 Nxf5 22. exf5 Ke7 23. fxe6 Bxa4 24. Ra5 Bb5 25. Bxb5 axb5 26. Rxb5 Ra2 27. Rd2 Kxe6 28. Rxb4 Rc6 29. Re4+ Kf7 30. Red4 Ke6 31. c4 Ra1+ 32. Kb2 Raa6 33. b4 Rcb6 34. b5 Ra7 35. Kb3 f5 36. Ra2 Rab7 37. Ra8 Kf6 38. Rd8 Ke6 39. Kb4 Ke7 40. Rg8 Kf7 41. Rc8 Ke7 42. Rd5 Ke6 43. Rf8 g6 44. Rh8 h5 45. Re8+ Kf7 46. Rc8 Ke6 47.
f4 Kf6 48. Ka5 Ke6 49. Rc6 Rxc6 50. bxc6 Rb1 51. Rb5 Ra1+ 52. Kb6 Ke7 53. Kb7 1-0

[Event "*** Titled Tuesday 3|2 Blitz"]
[Site "Chess.com"]
[Date "2014.12.30"]
[Round "4"]
[White "FlySooHigh"]
[Black "IMRosen"]
[Result "1-0"]
[WhiteElo "2359"]
[BlackElo "2035"]
[TimeControl "180+2"]
[EndTime "11:50:14 PST"]
[Termination "FlySooHigh won on time"]

1. e4 c5 2. Nf3 e6 3. c3 d5 4. e5 d4 5. Bd3 Nc6 6. Be4 Nge7 7. d3 Ng6 8. Bxc6+ bxc6 9. c4 Qc7 10.
Qe2 Be7 11. h4 f6 12. h5 Nxe5 13. Nxe5 fxe5 14. Nd2 O-O 15. Ne4 Bd7 16. Kf1 a5 17. Bd2 a4 18. Re1 Rab8 19. Bc1 Rf7 20. Kg1 Kh8 21. Rh3 Rf5 22. Ng3 Rf7 23. Ne4 Rf5 24.
Kh2 Be8 25. Rh1 Rf8 26. Kg1 Bf6 27. Rf3 Qe7 28. Rg3 h6 29. Qg4 Bf7 30. Qd1 Ra8 31.
Rf3 Bg8 32. Qe2 Bh7 33. Rhh3 Rab8 34. g4 Bxe4 35. Qxe4 Bg5 36. Bxg5 Qxg5 37. b3 axb3 38. axb3 Rf6 39. Rxf6 gxf6 40. Rg3 Rxb3 41. Qxc6 Rb1+ 42.
Kg2 Qg8 43. Qxc5 Qa8+ 44. Rf3 Rb7 45. Qc6 Qa7 46. Qxe6 Rg7 47. Qxf6 Qb7 48. Qxh6+ Kg8 49. Qe6+ Kh7 50. Kg3 Qc7 51. Qf5+ Kg8 52. Qe4 Qd7 53. Rf5 1-0

[Event "*** Titled Tuesday 3|2 Blitz"]
[Site "Chess.com"]
[Date "2014.12.30"]
[Round "4"]
[White "bugsbunny444"]
[Black "MikePerelshteyn"]
[Result "1/2-1/2"]
[WhiteElo "2225"]
[BlackElo "2009"]
[TimeControl "180+2"]
[EndTime "11:50:17 PST"]
[Termination "Game drawn by repetition"]

1. Nf3 c6 2. c4 d6 3. g3 Nf6 4.
Bg2 g6 5. b4 Bg7 6. Bb2 O-O 7.
O-O e5 8. d3 a6 9. Nbd2 Re8 10.
Qc2 Bf5 11. c5 dxc5 12. bxc5 Nbd7 13. e4 Bg4 14. h3 Bxf3 15. Nxf3 Qa5 16. Rfc1 h6 17.
a4 Nh7 18. d4 exd4 19. Bxd4 Bxd4 20. Nxd4 Nhf8 21. Rab1 Qc7 22. f4 Ne6 23. Nxe6 Rxe6 24. e5 Rb8 25. Rd1 Re7 26. Rd6 Qa5 27. Rc1 Nf8 28. Kh2 Rbe8 29. Rb1 Ne6 30. Rc1 Nf8 31. h4 h5 32. Rd4 Ne6 33. Rd6 Nf8 34. Qc3 Qc7 35.
Qb4 Ne6 36. a5 Ng7 37. Bh3 Ne6 38. Rcd1 Kh7 39. Bxe6 fxe6 40. R1d4 Kg7 41. Qd2 Kf7 42.
Rd7 Qc8 43. R4d6 Rxd7 44. Rxd7+ Re7 45. Rd6 Qc7 46. f5 exf5 47. Qg5 Re6 48. Rxe6 Kxe6 49.
Qf6+ Kd5 50. e6 Qxa5 51. e7 Qd2+ 52. Kg1 Qe1+ 53. Kg2 Qe2+ 54. Kg1 Kxc5 55. Qf7 Qe1+ 56. Kg2 Qe2+ 57. Kg1 Qe1+ 58. Kg2 Qe2+ 59. Kg1 Qe1+ 1/2-1/2

[Event "*** Titled Tuesday 3|2 Blitz"]
[Site "Chess.com"]
[Date "2014.12.30"]
[Round "4"]
[White "David_Klein"]
[Black "LADIESGET2KNOWME"]
[Result "1/2-1/2"]
[WhiteElo "2365"]
[BlackElo "2234"]
[TimeControl "180+2"]
[EndTime "11:50:20 PST"]
[Termination "Game drawn by stalemate"]

1. g3 d5 2. Bg2 c6 3. d3 Nf6 4. Nd2 e5 5. e4 dxe4 6. dxe4 Bc5 7. Ngf3 O-O 8. O-O Qe7 9. Nc4 Nbd7 10.
c3 b5 11. Ncd2 Rd8 12. Qe2 Nf8 13. Nh4 Bg4 14. Bf3 Bh3 15. Bg2 Bg4 16. Bf3 Bh3 17.
Re1 Ne6 18. Nf1 a5 19. Ne3 Bxe3 20. Bxe3 Nc5 21. Nf5 Bxf5 22. exf5 Nd3 23. Red1 e4 24. Bg2 c5 25. a4 Rab8 26. Bg5 Re8 27. axb5 Rxb5 28.
Bxf6 gxf6 29. Bxe4 Qxe4 30. Qxe4 Rxe4 31. Rxd3 c4 32. Rd4 Rxd4 33. cxd4 Rxf5 34. Rc1 Rb5 35. Rxc4 Rxb2 36. Ra4 Rb4 37. Rxa5 Rxd4 38. Kg2 Rd6 39.
Rf5 Kg7 40. Rf4 Rd5 41. Kh3 Rh5+ 42. Rh4 Rxh4+ 43. Kxh4 Kg6 44. Kg4 f5+ 45. Kf4 Kf6 46. Kf3 h6 47. Kf4 Ke6 48. Kf3 Kf6 49. Ke3 Ke5 50. Kf3 Ke6 51. Kg2 Ke5 52. Kh3 Kf6 53.
Kh4 Kg6 54. f3 Kf6 55. Kh5 Kg7 56. Kh4 Kg6 57. Kh3 Kg5 58. Kg2 f4 59. g4 f5 60. h3 fxg4 61. fxg4 h5 62. Kf3 hxg4+ 63. hxg4 Kg6 64. Ke4 Kg5 65. Kf3 Kg6 66. Kxf4 Kf6 67. Kf3 Kg5 68. Kg3 Kg6 69. Kh4 Kh6 70. Kh3 Kg5 71. Kg3 Kg6 72. Kh4 Kh6 73. g5+ Kg6 74. Kg4 Kg7 75. Kf4 Kg6 76. Kg4 Kg7 77. Kf5 Kf7 78. Kf4 Kg6 79. Kg4 Kg7 80. Kh5 Kh7 81. g6+ Kg7 82. Kg5 Kg8 83. Kf6 Kf8 84. Kf5 Kg7 85. Kg5 Kg8 86. Kh6 Kh8 87. g7+ Kg8 88.
Kg6 1/2-1/2

[Event "*** Titled Tuesday 3|2 Blitz"]
[Site "Chess.com"]
[Date "2014.12.30"]
[Round "4"]
[White "AlexanderL"]
[Black "ameet100"]
[Result "0-1"]
[WhiteElo "2445"]
[BlackElo "2413"]
[TimeControl "180+2"]
[EndTime "11:50:55 PST"]
[Termination "ameet100 won by resignation"]

1. d4 g6 2. e4 Bg7 3. Nc3 d6 4.
f4 e6 5. Nf3 Ne7 6. Bd3 Nd7 7.
O-O O-O 8. e5 b6 9. Ne4 Bb7 10.
exd6 cxd6 11. Nxd6 Bxf3 12. Qxf3 Bxd4+ 13. Kh1 Nc5 14. Nb7 Qc7 15. Nxc5 Qxc5 16. c3 Bg7 17. Be3 Qc7 18. a4 Rad8 19. Qe2 Nd5 20. Bd2 Rd7 21. Bb5 Rd6 22. c4 Ne7 23. Bb4 Rd4 24. a5 Rfd8 25.
axb6 axb6 26. g3 Nf5 27. Bc3 Rd3 28. Bxg7 Kxg7 29. Qe5+ Qxe5 30. fxe5 Rd2 31. b4 h5 32. Kg1 Ne3 33. Rf3 Ng4 34. h3 Nxe5 35. Re3 Nd3 36. Ra7 Kg8 37. c5 bxc5 38. Bxd3 R2xd3 39. Rxd3 Rxd3 40. bxc5 Rxg3+ 41. Kh2 Rc3 42. Rc7 Kg7 43. h4 Rc4 44. Kg3 Rc3+ 45. Kf4 Rc4+ 46. Ke5 Rxh4 47. c6 Rc4 48.
Kd6 g5 49. Ra7 Kg6 50. c7 g4 51. Ra5 Rxc7 52. Kxc7 g3 53. Kd6 h4 54. Ra8 Kf5 55. Kc5 e5 56. Kc4 e4 57. Kc3 Kf4 58.
Kd2 h3 59. Ke2 h2 60. Rh8 g2 61. Rh4+ Ke5 62. Rh5+ f5 63. Rxh2 g1=Q 64. Rf2 Qxf2+ 65. Kxf2 f4 0-1

[Event "*** Titled Tuesday 3|2 Blitz"]
[Site "Chess.com"]
[Date "2014.12.30"]
[Round "4"]
[White "pKiLz5Rn9b"]
[Black "LuckyTiger"]
[Result "0-1"]
[WhiteElo "2164"]
[BlackElo "2466"]
[TimeControl "180+2"]
[EndTime "11:51:05 PST"]
[Termination "LuckyTiger won by checkmate"]

1. e4 e6 2. d4 d5 3. Nd2 Nc6 4.
Ngf3 Nf6 5. Bd3 Nb4 6. e5 Nxd3+ 7. cxd3 Nd7 8. O-O a5 9. Re1 b6 10. Nf1 Be7 11. Ng3 h5 12. h3 Ba6 13. Be3 c5 14.
Qd2 Rc8 15. a3 cxd4 16. Bxd4 Nc5 17. Bxc5 bxc5 18. Rac1 Rb8 19. d4 c4 20. Ne2 g5 21.
g4 Qb6 22. Rc2 hxg4 23. hxg4 Qb3 24. Kg2 Qd3 25. Ng3 Qxd2 26. Nxd2 Bb5 27. Nb1 Ba4 28. Rd2 Rb3 29. Nc3 Bc6 30. Nge2 Kd7 31. Nc1 Rbb8 32. Rh1 Rxh1 33. Kxh1 f6 34. exf6 Bxf6 35.
Kg1 Kd6 36. N1e2 Be8 37. Ng3 Bg6 38. Kg2 Bd3 39. Nge2 e5 40. dxe5+ Bxe5 41. Nd1 Rf8 42. Ne3 Be4+ 43. Kg1 Rh8 44. Ng3 Bd3 45. Ngf5+ Kc5 46.
b4+ axb4 47. axb4+ Kxb4 48. Nxd5+ Kb3 49. Nde3 Be4 50. Kf1 Bd3+ 51. Kg2 Rh2+ 52. Kf3 Rh1 53. Ng3 Ra1 54. Ne4 Bd4 55. Nf5 Bxe4+ 56. Kxe4 Bc5 57. Rd5 Re1+ 58. Kf3 Kb4 59. Ng3 c3 60.
Ne4 Rxe4 61. Kxe4 c2 62. Rxg5 c1=Q 63. Kf5 Bxf2 64. Kg6 Qc2+ 65. Rf5 Bd4 66. Kf7 Qc7+ 67. Kg6 Kc4 68. g5 Qg7+ 69. Kh5 Kd3 70. g6 Ke4 71.
Rf7 Qe5+ 72. Kh6 Qh2+ 73. Kg5 Qg3+ 74. Kh6 Qh4# 0-1

[Event "*** Titled Tuesday 3|2 Blitz"]
[Site "Chess.com"]
[Date "2014.12.30"]
[Round "4"]
[White "playerzr"]
[Black "Carolina-moon"]
[Result "1/2-1/2"]
[WhiteElo "1854"]
[BlackElo "1894"]
[TimeControl "180+2"]
[EndTime "11:51:14 PST"]
[Termination "Game drawn by agreement"]

1. d4 f5 2. c3 Nf6 3. g3 g6 4.
Bg2 Bg7 5. Nh3 c6 6. Nd2 O-O 7.
e4 fxe4 8. Nxe4 d5 9. Nxf6+ exf6 10. O-O Na6 11. Re1 Nc7 12. b3 Bf5 13. Ba3 Re8 14. Qd2 Qd7 15. Nf4 Bh6 16. Re2 Rxe2 17. Qxe2 Bxf4 18. gxf4 Re8 19. Qd2 Qe6 20. Bf3 Be4 21. Re1 Qh3 22. Bxe4 dxe4 23. c4 Qg4+ 24. Kh1 Ne6 25.
Bd6 Rd8 26. c5 f5 27. Re3 Qh4 28. d5 Nxf4 29. dxc6 bxc6 30. Rg3 Nd5 31. Qa5 f4 32. Rg2 e3 33. fxe3 Nxe3 34. Rg1 Re8 35. Qb4 Ng4 36.
Qc4+ Kg7 37. Qxf4 Nf2+ 38. Kg2 Qxf4 39. Bxf4 Nd3 40. Bd6 Re2+ 41. Kf3 Rxa2 42. Rd1 Nb4 43. Re1 Nd5 44. Re8 h5 45. Rc8 Rb2 46. Rxc6 Rxb3+ 47. Ke4 Nf6+ 48. Kd4 Rb4+ 49. Kc3 Ra4 50. Be5 Ra3+ 51.
Kb2 Rf3 52. Rc7+ Kh6 53. Rxa7 Nd5 54. c6 Rf5 55. c7 Nxc7 56. Bxc7 Rb5+ 57. Kc3 h4 58. Kc4 Rb2 59. Bf4+ Kh5 60. Kd4 Rb4+ 61. Ke3 Kg4 62. Bc7 g5 63. Ra5 Rb3+ 64. Kd2 Rb2+ 65. Kc3 Rb1 66. Bd8 Rd1 67. Bxg5 Kh3 68. Ra4 Kxh2 69. Rxh4+ Kg3 70. Re4 Rd7 71. Bd2 Kf3 72. Rf4+ Ke2 73. Re4+ Kf3 74. Re8 Rc7+ 75. Kd3 Rd7+ 76.
Kc3 Rc7+ 1/2-1/2

[Event "*** Titled Tuesday 3|2 Blitz"]
[Site "Chess.com"]
[Date "2014.12.30"]
[Round "4"]
[White "Bigc08"]
[Black "MisaPap"]
[Result "0-1"]
[WhiteElo "2012"]
[BlackElo "2399"]
[TimeControl "180+2"]
[EndTime "11:51:41 PST"]
[Termination "MisaPap won by resignation"]

1. e4 c5 2. c3 g6 3. d4 cxd4 4. cxd4 d5 5. exd5 Nf6 6. Nc3 Nbd7 7.
Nf3 Bg7 8. d6 e6 9. d5 e5 10.
Bb5 O-O 11. O-O a6 12. Ba4 b5 13. Bb3 Qb6 14. Be3 Qxd6 15. Nd2 Nc5 16. Bxc5 Qxc5 17. Rc1 Qb6 18. Nce4 Bb7 19. Nxf6+ Bxf6 20. Ne4 Bg7 21. Nc5 Bc8 22. d6 Rb8 23. d7 Bb7 24. Qd2 Ba8 25.
Rfd1 Rfd8 26. Qg5 Bf6 27. Qe3 Kg7 28. h3 h6 29. Qd3 a5 30. a3 Bg5 31. Rc2 Be7 32. Ne4 a4 33. Ba2 Rb7 34. Qc3 Rbxd7 35.
Rxd7 Rxd7 36. Qxe5+ Bf6 37. Nxf6 Qxf6 38. Qxf6+ Kxf6 39. Rc5 Rd1+ 40. Kh2 Rd2 41. Rxb5 Rxf2 42. Bd5 Bxd5 43.
Rxd5 Rxb2 44. Rd4 Kg5 45. Rxa4 f5 46. Kg3 Rb3+ 47. Kf2 Rb2+ 48. Kf3 Rb3+ 49. Kf2 Kh5 50. Ra5 Kh4 51. Ra4+ Kg5 52. Ra5 Rc3 53. Ra4 f4 54. Ra5+ Kh4 55. Ra6 Kh5 56. Ra5+ g5 57. Ra6 Rb3 58. a4 Rb2+ 59. Kf3 Rb3+ 60. Kf2 Ra3 61. Ke2 Re3+ 62. Kf2 Re4 63. Kf3 Rb4 64. Kf2 Rb3 65. Ke2 Kh4 66. Rxh6+ Kg3 67. Rh5 g4 68. hxg4 Kxg2 69.
Rf5 f3+ 70. Kd2 f2 71. g5 Rf3 72. g6 Rxf5 73. g7 Rg5 0-1

[Event "*** Titled Tuesday 3|2 Blitz"]
[Site "Chess.com"]
[Date "2014.12.30"]
[Round "4"]
[White "KestutisLabeckas"]
[Black "DanielNaroditsky"]
[Result "1-0"]
[WhiteElo "2404"]
[BlackElo "2385"]
[TimeControl "180+2"]
[EndTime "11:52:02 PST"]
[Termination "KestutisLabeckas won by resignation"]

1. d4 Nf6 2. Bg5 Ne4 3. Bf4 Nc6 4. e3 d5 5. Bd3 Nf6 6. Nf3 Bg4 7. Nbd2 e6 8. h3 Bh5 9. c3 Bd6 10. Qb3 Rb8 11. O-O O-O 12. Rfe1 Re8 13. c4 Bxf4 14. exf4 Bxf3 15. Nxf3 Na5 16. Qc3 Nxc4 17. Bxc4 dxc4 18.
Qxc4 c6 19. Re5 Nd5 20. f5 exf5 21. Rxf5 Qb6 22. b3 Qb4 23. Re5 f6 24. Ree1 a5 25. g3 Qc3 26. Kg2 Qb4 27. a3 Qd6 28. Qc5 Qd7 29.
Qxa5 Qf5 30. Qd2 g5 31. b4 h5 32. Rxe8+ Rxe8 33. Re1 Re6 34. Rxe6 Qxe6 35. Qe1 Qd7 36. Qe4 Kg7 37. Qe2 Nc3 38. Qe3 Nd5 39. Qe2 Nc3 40.
Qe3 Nd5 41. Qe2 h4 42. Qe4 hxg3 43. fxg3 Nc3 44. Qe3 Nd5 45. Qe4 Nc3 46. Qe3 Nb5 47. a4 Nd6 48. h4 g4 49. Nh2 Nf5 50. Qe4 Nh6 51. Nf1 Qd6 52. b5 f5 53. Qe5+ Qxe5 54. dxe5 cxb5 55. axb5 Kf7 56. Ne3 Ke6 57. Nc4 Nf7 58. Kf2 Kd5 59. Nd6 Nxe5 60. Nxb7 Nc4 61. Nd8 Kc5 62. h5 Kxb5 63. Nf7 Nd2 64. Nd6+ Kc6 65.
h6 Kxd6 66. h7 Ne4+ 67. Kg2 Nf6 68. h8=Q Ke6 69. Qc8+ Ke5 70. Qc5+ Nd5 71. Kf2 Ke4 72. Qc4+ Ke5 73. Qe2+ Kd4 74. Qd2+ Ke5 75. Ke2 Nf6 76. Kd3 Nd5 77. Qe2+ Kf6 78. Kd4 Ne7 79. Qe5+ Kf7 80. Kc5 f4 81. Qxf4+ Kg7 82. Qxg4+ Ng6 83. Kd6 Kh8 84.
Ke6 Kg7 85. Kf5 Kh8 1-0